Get step-by-step instructions on how to execute this build order below. Start the game timer, and the build order will tick by so you can play in parallel with StarCraft on a second screen or mobile device.

Game Time

  0:00

Last Step

  N/A

Next Step

Upcoming Step



Don't want to look back and forth between 2 screens? Try out our Overwolf App, the Spawning Tool Build Advisor to get an in-game overlay with this build!

Complete Build Order

  12  0:00  SCV  
  13  0:12  SCV  
  14  0:17  Supply Depot  
  14  0:24  SCV  
  15  0:38  SCV  
  15  0:41  Barracks  
  15  0:42  Refinery  
  16  0:50  SCV  
  17  1:03  SCV  
  18  1:15  SCV  
  19  1:27  Orbital Command  
  19  1:28  Reaper  
  20  1:38  Command Center  
  20  1:45  Supply Depot  
  20  1:53  SCV  
  21  2:00  Marine  
  22  2:05  SCV  
  22  2:07  Factory  
  23  2:16  Refinery  
  23  2:17  SCV  
  23  2:19  Barracks Reactor  
  24  2:29  SCV  
  25  2:41  SCV  
  26  2:52  Orbital Command, Starport  
  26  2:53  SCV  
  27  3:01  Hellion x2  
  27  3:05  Barracks Tech Lab, SCV  
  32  3:17  SCV x2  
  34  3:23  Hellion x2, Supply Depot  
  38  3:29  SCV x2  
  40  3:34  Banshee  
  40  3:35  Barracks Tech Lab  
  40  3:36  Cloaking Field  
  43  3:42  SCV x2  
  43  3:45  Hellion  
  43  3:46  Hellion  
  43  3:48  Supply Depot  
  49  3:53  Marine  
  49  3:54  SCV x2  
  52  3:56  Stimpack  
  52  4:06  SCV x2  
  54  4:14  Marine  
  54  4:15  Barracks  
  55  4:18  Barracks  
  55  4:19  Banshee  
  55  4:21  SCV  
  55  4:22  SCV  
  60  4:26  Factory Reactor  
  60  4:29  Supply Depot  
  60  4:33  SCV  
  60  4:34  SCV  
  60  4:35  Refinery  
  60  4:37  Engineering Bay  
  62  4:45  Barracks  
  62  4:46  Barracks  
  62  4:50  SCV x2, Marine  
  62  4:51  Supply Depot  
  65  5:03  SCV x2  
  67  5:13  Terran Infantry Weapons Level 1  
  67  5:15  Marine x3, SCV x2  
  67  5:16  Starport Reactor  
  67  5:17  Siege Tank  
  67  5:21  Marine x2  
  77  5:24  Supply Depot x3  
  77  5:34  Marine  
  78  5:45  Marine x6  
  78  5:49  Siege Tank, Supply Depot  
  87  5:52  Marine  
  87  5:53  Medivac  
  87  5:55  Combat Shield  
  90  6:00  Refinery  
  90  6:02  Supply Depot  
  90  6:03  Marine x6  
  96  6:10  Marine  
  97  6:11  Medivac  
  97  6:21  Marine x6  
  97  6:23  Medivac  
  105  6:27  Siege Tank  
  105  6:28  Marine  
  109  6:34  Supply Depot  
  109  6:37  Supply Depot  
  109  6:38  Marine x5  
  114  6:41  Medivac  
  114  6:42  Marine  
  114  6:46  Marine  
  118  6:56  Marine x4, Medivac  
  124  7:08  Siege Tank  
  124  7:14  Marine x3  
  124  7:15  Marine x2  
  122  7:19  Marine x2